 Dungeon Sprint DCSS version 0.31.0-32-g396128a36d (webtiles) character file.

Game seed: 11611747203716849901

249 Heoruswealwe the Spear-Bearer (level 5, 0/53 HPs)
             Began as a Minotaur Fighter on Apr 19, 2024.
             Was an Initiate of Gozag.
             Slain by a troll (7 damage)
             ... in the Dungeon (Sprint IX: "|||||||||||||||||||||||||||||").
             The game lasted 00:01:45 (175 turns).

Heoruswealwe the Spear-Bearer (Minotaur Fighter)     Turns: 175, Time: 00:01:46

Health: 0/53       AC: 14    Str: 23    XL:     5   Next: 86%
Magic:  4/4        EV: 10    Int:  5    God:    Gozag
Gold:   0          SH:  0    Dex:  9    Spells: 4/4 levels left

rFire   . . .        b - +2 halberd (venom)
rCold   . . .        (shield currently unavailable)
rNeg    . . .        c - +1 chain mail
rPois   .            (helmet restricted)
rElec   .            h - +0 cloak
rCorr   .            (no gloves)
SInv    .            e - +0 pair of boots
Will    .....        (no amulet) Stlth
                     k - +2 ring of evasion
HPRegen 0.28/turn    (no ring)
MPRegen 0.09/turn

%: no teleportation
@: no status effects
A: horns 2, retaliatory headbutt
a: Renounce Religion, Potion Petition, Call Merchant, Bribe Branch


You were in the Dungeon.
You worshipped Gozag.
Gozag was noncommittal.
You visited 1 branch

Inventory:

Hand Weapons
 a - a +0 trident
 b - a +2 halberd of venom (weapon)
Armour
 c - a +1 chain mail (worn)
 d - a +0 buckler
 e - a +0 pair of boots (worn)
 h - a +0 cloak (worn)
Jewellery
 k - a +2 ring of evasion (left hand)
Wands
 l - a wand of light (10)
Scrolls
 j - 2 scrolls of blinking
Potions
 f - 3 potions of heal wounds
 g - a potion of haste
 i - a potion of berserk rage
 m - 5 potions of curing
 n - a potion of might


   Skills:
 + Level 8.1 Fighting
 * Level 10.6 Polearms
 + Level 8.1 Armour
 - Level 3.6 Shields


You had 4 spell levels left.
You didn't know any spells.
Your spell library was empty.

Dungeon Overview and Level Annotations

Branches:
Dungeon (1/1)

Altars:
Cheibriados
Dithmenos
Elyvilon
Fedhas
Gozag
Hepliaklqana
Kikubaaqudgha
Makhleb
Nemelex Xobeh
Okawaru
Qazlal
Ru
Sif Muna
Trog
Uskayaw
Vehumet
Wu Jian
Xom
Yredelemnul
Zin
The Shining One
Jiyva
Lugonu


Innate Abilities, Weirdness & Mutations

You have a pair of horns on your head.
You reflexively headbutt those who attack you in melee.


Message History

Adjust (i)tems, (s)pells, or (a)bilities?
m - a +0 pair of boots (worn)
Adjust to which letter? (? for menu, Esc to quit)
e - a +0 pair of boots (worn);
m - 5 potions of curing You see here a +2 ring of evasion.
n - a +2 ring of evasion (left hand) Adjust (i)tems, (s)pells, or (a)bilities?
n - a +2 ring of evasion (left hand) Adjust to which letter? (? for menu, Esc to quit)
k - a +2 ring of evasion (left hand);
n - a potion of might You see here a +3 ring of dexterity.
o - a +3 ring of dexterity You drop a +3 ring of dexterity.
As you open the door, it creaks loudly!
A troll, 2 orcs, a hornet, an acid dragon and a two-headed ogre come into view.
The troll shouts!
The orc wizard shouts!
The hornet buzzes angrily.
The acid dragon roars!
The orc warrior shouts!
You puncture the troll!
The troll looks as sick as possible!
Your headbutt misses the troll.
The troll is moderately wounded.
The troll barely misses you. The troll claws you!
The troll claws you but does no damage.
You hit the troll.
The troll looks as sick as possible!
The troll is moderately wounded.
The troll bites you! The troll misses you. The troll claws you!
You slash the troll!
The troll looks as sick as possible!
The troll is heavily wounded.
The troll barely misses you. The troll claws you. The troll barely misses you.
You hit the troll.
The troll is severely wounded.
The orc wizard casts a spell.
The orc wizard flickers and vanishes!
Deactivating autopickup; reactivate with Ctrl-A.
The troll bites you!
* * * LOW HITPOINT WARNING * * *
The troll claws you.
* * * LOW HITPOINT WARNING * * *
The troll claws you!
You die...
Your body crumbles into a pile of gold. ▓▓▓▓▓▓▓▓▓▓▓▓▓▓▓▓▓▓▓▓▓▓▓▓ _______'!?)[=...@T{yDOo. ▓▓▓▓▓▓▓▓▓▓▓▓▓▓▓▓▓▓▓▓▓▓▓▓

You could see a two-headed ogre, a troll (extremely poisoned), a hornet, an orc warrior and an acid dragon.

Vanquished Creatures
  An ogre (D)
  A centaur (D)
  A scorpion (D)
  An iguana (D)
  An orc (D)
  A bat (D)
  An endoplasm (D)
  A hobgoblin (D)
  2 rats (D)
10 creatures vanquished.

Notes
Turn   | Place    | Note
-------+----------+-------------------------------------------
     0 | D        | Heoruswealwe the Minotaur Fighter began the quest for the
                  | Orb.
     0 | D        | Reached XP level 1. HP: 19/19 MP: 0/0
     6 | D        | Reached skill level 3 in Polearms
    58 | D        | Noticed an ogre
    58 | D        | Noticed a scorpion
    58 | D        | Noticed a centaur
    58 | D        | Noticed an iguana
    61 | D        | Killed an ogre
    62 | D        | Reached skill level 7 in Polearms
    62 | D        | Reached XP level 2. HP: 25/30 MP: 1/1
    62 | D        | Reached XP level 3. HP: 31/37 MP: 2/2
    62 | D        | Reached XP level 4. HP: 37/44 MP: 3/3
    71 | D        | Killed a scorpion
    72 | D        | Reached skill level 8 in Polearms
    72 | D        | Reached XP level 5. HP: 44/52 MP: 4/4
    77 | D        | Killed a centaur
    78 | D        | Reached skill level 10 in Polearms
    86 | D        | Found a snail-covered altar of Cheibriados.
    86 | D        | Found a shadowy altar of Dithmenos.
    86 | D        | Found a white marble altar of Elyvilon.
    86 | D        | Found a blossoming altar of Fedhas.
    86 | D        | Found an opulent altar of Gozag.
    87 | D        | Found a hazy altar of Hepliaklqana.
    88 | D        | Found a viscous altar of Jiyva.
    89 | D        | Found an ancient bone altar of Kikubaaqudgha.
    90 | D        | Found a corrupted altar of Lugonu.
    91 | D        | Found a burning altar of Makhleb.
    92 | D        | Found a sparkling altar of Nemelex Xobeh.
    93 | D        | Found an iron altar of Okawaru.
    94 | D        | Became a worshipper of Gozag Ym Sagoz the Greedy
    95 | D        | Found a stormy altar of Qazlal.
    96 | D        | Found a sacrificial altar of Ru.
    97 | D        | Found a shimmering blue altar of Sif Muna.
    98 | D        | Found a bloodstained altar of Trog.
    99 | D        | Found a hide-covered altar of Uskayaw.
   100 | D        | Found a radiant altar of Vehumet.
   101 | D        | Found an ornate altar of the Wu Jian Council.
   102 | D        | Found a shimmering altar of Xom.
   103 | D        | Found a basalt altar of Yredelemnul.
   104 | D        | Found a glowing silver altar of Zin.
   105 | D        | Found a glowing golden altar of the Shining One.
   171 | D        | Noticed a troll
   171 | D        | Noticed a hornet
   171 | D        | Noticed an acid dragon
   171 | D        | Noticed a two-headed ogre
   171 | D        | Noticed an orc warrior
   175 | D        | Slain by a troll

Illustrated notes

Levels and vault maps discovered:
D:        linesprint [early_d, line_temple, items_1, d_10, items_2, lair_1,
          lair_end, items_3, orc_1, orc_end, items_4, d_15, swamp_1, shoals_1,
          snake_1, spider_1, d_20, vaults_1, items_5, swamp_end, shoals_end,
          snake_end, spider_end, vaults_end, d_27, items_6, zot_1, zot_end,
          crypt_end, forest_end, elf_end, slime_end, tomb_end, abyss_end,
          pan_hell_end]

Skill      XL: |  1  2  3  4  5 |
---------------+----------------+-----
Polearms       | 7 8 10 | 10.6
Fighting       | 6 7 8 |  8.1
Armour         | 6 7 8 |  8.1
Shields        | |  3.6

Action                     |  1- 3 |  4- 6 || total
---------------------------+-------+-------++-------
  Melee: Trident           |    23 |    17 ||    40
         Headbutt          |     2 |     4 ||     6
         Halberd           |       |     4 ||     4
 Armour: Scale mail        |    11 |     7 ||    18
         Chain mail        |       |     8 ||     8
  Dodge: Dodged            |     5 |    13 ||    18
  Block: Buckler           |     4 |     3 ||     7
